 Dungeon Crawl Stone Soup version 0.20.0-15-g7f486f2 (webtiles) character file.

345825 dvd the Warrior (level 21, -8/220 HPs)
             Began as a Minotaur Berserker on June 12, 2017.
             Was the Champion of Trog.
             Killed from afar by a Brimstone Fiend (24 damage)
             ... with damnation
             ... summoned by a deep elf demonologist
             ... on level 3 of the Elven Halls on June 13, 2017.
             The game lasted 03:07:47 (42353 turns).

dvd the Warrior (Minotaur Berserker)               Turns: 42353, Time: 03:07:47

Health: -8/220     AC: 32    Str: 32      XL:     21   Next: 18%
Magic:  0/20       EV: 11    Int:  4 (7)  God:    Trog [******]
Gold:   1372       SH: 21    Dex: 16      Spells: 20/20 levels left

rFire    . . .     SeeInvis .   p - +1 broad axe (distort)
rCold    . . .     Gourm    .   e - +5 shield {rC+}
rNeg     . . .     Faith    .   V - +8 orange crystal plate armour {Archmagi, Int+3 Clar}
rPois    +         Spirit   +   n - +0 hat of the Big Bang {rC- MR++}
rElec    .         Reflect  .   g - scarf {Spirit}
rCorr    .         Harm     .   P - +2 pair of gloves
MR       +++..     Clarity  +   G - +2 pair of boots
Stlth    ..........             o - amulet of regeneration
Regen    0.0/turn               q - +6 ring of strength
MPRegen  0.2/turn               w - ring of poison resistance

@: corroded
A: retaliatory headbutt, horns 2, clumsy 1, robust 1, inhibited regeneration,
strong 1
}: 2/15 runes: serpentine, barnacled
a: Berserk, Trog's Hand, Brothers in Arms, Burn Spellbooks, Renounce Religion


You were on level 3 of the Elven Halls.
You worshipped Trog.
Trog was exalted by your worship.
You were hungry.

You visited 7 branches of the dungeon, and saw 38 of its levels.
You visited the Abyss 1 time.
You visited 1 bazaar.
You also visited: Sewer and Ice Cave.

You collected 3389 gold pieces.
You spent 2017 gold pieces at shops.

Inventory:

Hand Weapons
 a - a +9 war axe of venom
 b - the +8 eveningstar of the Poles {crush, +Blink Dex+6}
   (Trog gifted it to you on level 1 of the Snake Pit)

   It inflicts extra damage upon your enemies.
   It affects your dexterity (+6).
   It lets you blink.
 c - the +11 falchion "Xeuzusun" {freeze, Int+3 Dex+3}
   (You bought it in a shop on level 1 of the Snake Pit)

   It has been specially enchanted to freeze those struck by it, causing extra
   injury to most foes and up to half again as much damage against particularly
   susceptible opponents.
   It can also slow down cold-blooded creatures.
   It affects your intelligence (+3).
   It affects your dexterity (+3).
 i - a +2 broad axe of flaming
 p - a +1 broad axe of distortion (weapon)
 t - the +5 mace of Wyrd {elec, *Slow rElec Str+7}
   (You found it on level 4 of the Dungeon)

   Occasionally, upon striking a foe, it will discharge some electrical energy
   and cause terrible harm.
   It affects your strength (+7).
   It insulates you from electricity.
   It may slow you when you take damage.
Missiles
 u - 5 javelins of returning
 C - 21 javelins
 D - 2 silver javelins
 E - 8 poisoned javelins
 S - 49 javelins of penetration (quivered)
 U - 13 steel tomahawks
Armour
 e - a +5 shield of cold resistance (worn)
 g - a scarf of spirit shield (worn)
 n - the +0 hat of the Big Bang (worn) {rC- MR++}
   (You acquired it on level 1 of the Elven Halls)

   It makes you vulnerable to cold.
   It affects your resistance to hostile enchantments.
 G - a +2 pair of boots (worn)
 K - the +1 chain mail "Ywnul" {rElec rCorr Str+4 Dex+4}
   (You took it off an orc warrior on level 2 of the Orcish Mines)

   It affects your strength (+4).
   It affects your dexterity (+4).
   It insulates you from electricity.
   It protects you from acid and corrosion.
 O - a +2 hat
 P - a +2 pair of gloves (worn)
 V - the +8 orange crystal plate armour (worn) {Archmagi, Int+3 Clar}
   (You found it on level 1 of the Shoals)

   It affects your intelligence (+3).
   It protects you against confusion.
Jewellery
 o - an amulet of regeneration (around neck)
 q - a +6 ring of strength (left hand)
 w - a ring of poison resistance (right hand)
Wands
 k - a wand of acid (9/15)
 A - a wand of iceblast (3/15)
 Q - a wand of lightning (14/15)
 W - a wand of digging (12/24)
Scrolls
 d - 9 scrolls of enchant armour
 h - 32 scrolls of identify
 j - 12 scrolls of remove curse
 l - 17 scrolls of teleportation
 v - 6 scrolls of fog
 J - 2 scrolls of magic mapping
 L - 3 scrolls of enchant weapon
 M - 3 scrolls of fear
 N - 6 scrolls of recharging
 T - 2 scrolls of blinking
 Z - a scroll of holy word
Potions
 m - 6 potions of mutation
 r - 25 potions of curing
 s - 3 potions of flight
 B - 6 potions of agility
 H - 3 potions of magic
 I - 19 potions of heal wounds
 R - 2 potions of haste
 X - 2 potions of cancellation
 Y - 5 potions of might
Comestibles
 f - 40 fruits
 x - 26 meat rations
 y - 4 royal jellies
 z - 7 chunks of flesh
 F - 21 bread rations


   Skills:
 + Level 19.9 Fighting
   Level 6.2(8.0) Short Blades
 + Level 8.5(9.6) Long Blades
 + Level 17.1(20.1) Axes
 + Level 18.3(21.1) Maces & Flails
   Level 1.0(12.7) Polearms
   Level 8.8(14.7) Staves
 + Level 14.0 Throwing
 + Level 16.5 Armour
 + Level 6.9 Dodging
 + Level 3.2 Stealth
 + Level 16.5 Shields
 + Level 1.2 Evocations


You had 20 spell levels left.
You didn't know any spells.

Dungeon Overview and Level Annotations

Branches:
Dungeon (15/15)            Temple (0/1) D:6            Lair (6/6) D:10
 Shoals (4/4) Lair:3        Snake (4/4) Lair:2        Slime (0/5) Lair:5
    Orc (2/2) D:11            Elf (3/3) Orc:2        Vaults (4/5) D:14
  Crypt (0/3) Vaults:2     Depths (0/5) D:15

Altars:
Dithmenos
Elyvilon
Trog
Xom
The Shining One
Beogh

Shops:
D:5 !   D:15 }   Orc:2 %%*(   Elf:1 }   Elf:2 (   Shoals:2 *   Snake:1 (?*[[
Snake:4 ???   Vaults:2 *   Vaults:3 [


Innate Abilities, Weirdness & Mutations

You reflexively headbutt those who attack you in melee.
You have a pair of horns on your head.
You are clumsy. (Dex -2)
You are robust. (+10% HP)
You do not regenerate when monsters are visible.
Your muscles are strong. (Str +2)


Message History

You block the Brimstone Fiend's attack. The Brimstone Fiend closely misses you.
The Brimstone Fiend hits you but does no damage.
The deep elf sorcerer casts a spell at you.
The sphere of damnation explodes!
The damnation engulfs you!
* * * LOW HITPOINT WARNING * * *
The damnation engulfs your stone giant.
The damnation engulfs the Brimstone Fiend.
The Brimstone Fiend completely resists.
The ynoxinul gestures.
You hear a shout!
You feel much better.
Your stone giant rages.
The deep elf sorcerer casts a spell at you.
The sphere of damnation explodes!
The damnation engulfs you!
* * * LOW HITPOINT WARNING * * *
The damnation engulfs the Brimstone Fiend.
The Brimstone Fiend completely resists.
The damnation engulfs your stone giant. The Brimstone Fiend gestures at you.
The sphere of damnation explodes!
The damnation engulfs you!
You die...

#..... #..... #...2
#.55## #..§## #.5.##
#5.§# ######5#########
#(....31@.e.....
#......)C.......
#....5..........
#...##############
#...#............#
#...#............#...#
#...#............#...#
#...#............#...#
#...'............#...#


You could see a Brimstone Fiend, a deep elf sorcerer, a ynoxinul, 3 ufetubi and
a friendly stone giant (berserk).

Vanquished Creatures
  Nikola (Shoals:4)
  Rupert (Lair:4)
  A deep elf blademaster (Elf:2)
  3 sphinxes
  Kirke (Snake:4)
  Roxanne (Elf:1)
  Ilsuiw (Shoals:4)
  2 fire giants (Vaults:3)
  3 deep elf sorcerers
  7 vault wardens
  10 nagarajas
  A frost giant (IceCv)
  A curse skull (Vaults:2)
  11 ironheart preservers
  A balrug (Abyss:4)
  Aizul (Snake:4)
  A deep elf elementalist (Abyss:4)
  A war gargoyle (Vaults:4)
  An entropy weaver (Vaults:3)
  3 very ugly things
  2 deep elf demonologists (Elf:3)
  An ophan (Abyss:4)
  2 vampire knights (Vaults:2)
  4 stone giants
  2 eidola
  2 ettins
  3 deep elf death magi
  2 merfolk javelineers (Shoals:4)
  8 yaktaur captains
  11 merfolk impalers
  A deep elf high priest (Elf:3)
  A fire dragon (Lair:6)
  10 ogre magi
  A rakshasa (Abyss:4)
  4 ice dragons
  21 naga warriors
  3 hydras
  5 vault guards (Vaults:1)
  6 anacondas
  29 two-headed ogres
  A death knight (Vaults:4)
  A two-headed ogre (shapeshifter) (Vaults:4)
  3 merfolk avatars
  4 centaur warriors
  5 merfolk aquamancers (Shoals:4)
  A queen ant (D:11)
  20 dancing weapons
  A satyr (Shoals:4)
  2 deep troll shamans (Vaults:2)
  2 tengu warriors
  A deep troll earth mage (Vaults:2)
  9 naga sharpshooters
  A storm dragon zombie (Vaults:4)
  5 orc high priests (Orc:2)
  4 death yaks (Lair:6)
  6 shock serpents
  13 deep elf knights
  2 sun demons (Abyss:4)
  A fire crab (Lair:6)
  3 hell knights (Vaults:2)
  A wretched star (Abyss:4)
  2 salamander mystics
  5 shadow wraiths
  An unseen horror (D:14)
  6 skeletal warriors
  2 deep trolls (Vaults:2)
  3 naga ritualists
  3 wizards
  9 deep elf archers
  22 sea snakes
  2 flayed ghosts
  Pikel (D:9)
  4 harpies (Vaults:4)
  21 orc knights
  10 ironbrand convokers
  2 wolf spiders
  45 deep elf magi
  6 necromancers
  10 orc sorcerers
  22 ugly things
  10 mana vipers
  A sphinx skeleton (Vaults:2)
  8 cyclopes
  8 fauns
  10 manticores
  A fire giant skeleton (Vaults:2)
  15 elephants
  8 salamanders
  A titan simulacrum (Vaults:4)
  2 worldbinders (Abyss:4)
  6 guardian serpents
  17 naga magi
  An apocalypse crab (Abyss:4)
  25 black mambas
  15 vault sentinels
  A guardian serpent (shapeshifter) (Elf:1)
  An ice statue (IceCv)
  14 merfolk sirens
  2 molten gargoyles (Lair:6)
  2 gargoyles
  2 storm dragon simulacra
  9 water nymphs
  15 spiny frogs
  A rime drake (Lair:1)
  A kobold demonologist (D:15)
  An orange demon (Abyss:4)
  3 freezing wraiths
  A komodo dragon (shapeshifter) (Vaults:1)
  26 yaktaurs
  11 komodo dragons
  A yaktaur skeleton (Vaults:4)
  A hellwing (Abyss:4)
  4 tengu conjurers
  7 trolls
  A jumping spider (shapeshifter) (Vaults:4)
  2 hornets
  Prince Ribbit (D:7)
  An ancient zyme (Abyss:4)
  3 meliai (D:13)
  24 merfolk
  A meliai (shapeshifter) (Vaults:3)
  A wind drake (shapeshifter) (Vaults:4)
  13 slime creatures
  15 polar bears
  4 raiju (Abyss:4)
  7 wind drakes
  13 blink frogs
  2 dream sheep (Shoals:1)
  6 snapping turtles (Shoals:4)
  A frost giant simulacrum (Vaults:2)
  A hippogriff (shapeshifter) (Vaults:1)
  A fire giant simulacrum (Vaults:1)
  9 hippogriffs
  The ghost of Britaniac the Cudgeler, an amateur GrFi (D:4)
  2 centaur simulacra
  A redback (Vaults:3)
  The ghost of Dris the Digger, an amateur GrEE (D:5)
  An air elemental (Elf:2)
  4 wyverns
  9 water elementals
  4 shadows
  5 basilisks
  4 hogs (Snake:4)
  44 yaks
  3 wraiths
  3 chaos spawn (Abyss:4)
  4 fire elementals
  2 hungry ghosts
  A yak (shapeshifter) (Vaults:3)
  A yaktaur simulacrum (Vaults:1)
  2 steam dragons (Lair:6)
  A vampire mosquito (D:14)
  5 wargs
  4 large abominations (Abyss:4)
  2 human zombies (Vaults:2)
  A neqoxec (Abyss:4)
  46 nagas
  9 soldier ants (D:11)
  8 insubstantial wisps (Abyss:4)
  3 acid dragons
  Duvessa (D:6)
  9 porcupines
  6 hell hounds
  53 orc warriors
  A hornet zombie (D:9)
  15 water moccasins
  4 sky beasts
  A black bear (shapeshifter) (Vaults:3)
  3 ice beasts
  3 eyes of draining
  A necrophage (D:8)
  4 phantoms
  17 centaurs
  33 ogres
  5 small abominations (Abyss:4)
  An ogre (shapeshifter) (Abyss:4)
  2 human skeletons (Vaults:4)
  15 wolves
  14 crocodiles
  7 big kobolds
  2 earth elementals
  An elf simulacrum (Vaults:1)
  18 bullfrogs
  Dowan (D:6)
  3 scorpions
  2 human simulacra
  3 killer bees (D:10)
  9 wights
  3 howler monkeys
  11 crimson imps
  4 starcursed masses (Abyss:4)
  5 lava snakes (Lair:6)
  A quasit (D:14)
  3 bullfrog zombies
  6 centaur skeletons
  3 centaur zombies
  4 hounds
  A jelly (D:14)
  35 orc priests
  26 orc wizards
  4 gnoll shamans
  3 bullfrog skeletons
  3 iguanas
  37 worker ants
  A killer bee zombie (D:7)
  A hound zombie (D:11)
  5 gnolls (D:6)
  20 adders
  A howler monkey skeleton (D:5)
  7 river rats (Sewer)
  6 shadow imps
  13 white imps
  6 oozes
  An adder zombie (D:5)
  An adder skeleton (D:8)
  3 worms
  4 dart slugs
  8 leopard geckos
  120 orcs
  6 bats
  8 giant cockroaches
  5 goblins
  10 hobgoblins
  16 jackals
  40 kobolds
  7 quokkas
  5 ball pythons
  7 frilled lizards
  A giant cockroach zombie (D:6)
  2 jackal skeletons
  24 rats
  A fungus (Lair:6)
1652 creatures vanquished.

Vanquished Creatures (collateral kills)
  Jory (Vaults:3)
  Jorgrun (Shoals:2)
  An orc warlord (Orc:2)
  The ghost of dvd the Slinger, a journeyman DDBe of Trog (Orc:2)
  A merfolk javelineer (Shoals:4)
  An ugly thing (Vaults:3)
  A merfolk siren (Shoals:2)
  A yaktaur (Vaults:3)
  A troll (Orc:2)
  6 orc warriors (Orc:2)
  A sky beast (shapeshifter) (Vaults:3)
  2 orc priests (Orc:2)
  4 orc wizards (Orc:2)
  9 orcs (Orc:2)
31 creatures vanquished.

Vanquished Creatures (others)
  A deep elf annihilator (Elf:3)
  A sea snake (Shoals:4)
  A human (Snake:4)
  2 slaves (D:9)
  A shadow imp (D:9)
  4 orcs
  A fungus (Lair:5)
  A lurking horror (Abyss:4)
  5 plants
17 creatures vanquished.

Grand Total: 1700 creatures vanquished

Notes
Turn   | Place    | Note
-------+----------+-------------------------------------------
     0 | D:1      | dvd the Minotaur Berserker began the quest for the Orb.
     0 | D:1      | Reached XP level 1. HP: 19/19 MP: 0/0
   190 | D:1      | Reached skill level 4 in Fighting
   190 | D:1      | Reached XP level 2. HP: 24/27 MP: 1/1
   479 | D:1      | Reached XP level 3. HP: 30/33 MP: 2/2
   535 | D:1      | Reached ** piety under Trog
  1240 | D:2      | Reached XP level 4. HP: 41/41 MP: 3/3
  1382 | D:2      | Reached skill level 1 in Short Blades
  2122 | D:3      | Reached XP level 5. HP: 47/47 MP: 4/4
  2143 | D:3      | Found a shimmering altar of Xom.
  2404 | D:3      | Reached *** piety under Trog
  2660 | D:3      | Reached skill level 5 in Fighting
  2751 | D:3      | Paralysed by a crimson imp for 5 turns
  2811 | D:3      | Reached skill level 1 in Throwing
  2811 | D:3      | Reached XP level 6. HP: 56/56 MP: 5/5
  2896 | D:4      | Noticed Britaniac's ghost (amateur GrFi)
  2906 | D:4      | Killed Britaniac's ghost
  2950 | D:4      | Reached XP level 7. HP: 44/61 MP: 6/6
  2993 | D:4      | Found a glowing drain.
  3105 | Sewer    | Entered a sewer
  3158 | Sewer    | Reached skill level 5 in Armour
  3267 | Sewer    | Reached skill level 5 in Short Blades
  3429 | Sewer    | Reached **** piety under Trog
  4009 | D:4      | Got a jewelled mace
  4010 | D:4      | Identified the +5 mace of Wyrd {elec, *Slow rElec Str+7} (You found it on level 4 of the Dungeon)
  4170 | D:5      | Entered Level 5 of the Dungeon
  4244 | D:5      | Found Ziddo's Distillery.
  4298 | D:5      | Noticed Dris's ghost (amateur GrEE)
  4303 | D:5      | Killed Dris's ghost
  4303 | D:5      | Reached skill level 1 in Maces & Flails
  4303 | D:5      | Reached XP level 8. HP: 70/70 MP: 7/7
  4639 | D:5      | Reached skill level 6 in Fighting
  4801 | D:6      | Reached ***** piety under Trog
  4896 | D:6      | Reached skill level 1 in Stealth
  4900 | D:6      | Gained mutation: Your muscles are strong. (Str +2) [mutagenic meat]
  4901 | D:6      | Gained mutation: You are robust. (+10% HP) [mutagenic meat]
  5144 | D:6      | Found a glowing golden altar of the Shining One.
  5247 | D:6      | Reached XP level 9. HP: 85/85 MP: 8/8
  5294 | D:6      | Reached skill level 5 in Maces & Flails
  5310 | D:6      | Received a gift from Trog
  5418 | D:6      | Noticed Duvessa
  5430 | D:6      | Killed Duvessa
  5436 | D:6      | Noticed Dowan
  5440 | D:6      | Killed Dowan
  5758 | D:6      | Found a staircase to the Ecumenical Temple.
  5848 | D:6      | Reached skill level 7 in Fighting
  6726 | D:7      | Noticed Prince Ribbit
  6732 | D:7      | Killed Prince Ribbit
  6804 | D:7      | Noticed a troll
  6812 | D:7      | Killed a troll
  6812 | D:7      | Reached XP level 10. HP: 96/96 MP: 9/9
  6998 | D:7      | Received a gift from Trog
  7325 | D:8      | Noticed a two-headed ogre
  7338 | D:8      | Killed a two-headed ogre
  7338 | D:8      | Reached skill level 8 in Fighting
  8088 | D:9      | Got an ancient steel ring
  8089 | D:9      | Noticed Pikel
  8091 | D:9      | Killed Pikel
  8091 | D:9      | Reached skill level 5 in Axes
  8091 | D:9      | Reached skill level 10 in Maces & Flails
  8091 | D:9      | Reached skill level 5 in Throwing
  8092 | D:9      | Noticed a two-headed ogre
  8102 | D:9      | Killed a two-headed ogre
  8446 | D:9      | Reached XP level 11. HP: 69/104 MP: 8/10
  8577 | D:10     | Entered Level 10 of the Dungeon
  8762 | D:10     | Found a staircase to the Lair.
  9050 | D:10     | Reached ****** piety under Trog
  9083 | D:10     | Reached skill level 10 in Armour
  9256 | D:11     | Reached skill level 9 in Fighting
  9319 | D:11     | Identified the ring "Ketuk" {rN+ Stlth+} (You found it on level 9 of the Dungeon)
  9416 | D:11     | Noticed a purple ugly thing
  9429 | D:11     | Killed a purple ugly thing
  9495 | D:11     | Noticed a queen ant
  9514 | D:11     | Killed a queen ant
  9643 | D:11     | Received a gift from Trog
  9694 | D:11     | Got a twisted quarterstaff {god gift}
  9695 | D:11     | Identified the +10 quarterstaff of the Inquisitive Coins {crush, Int+6 Dex-3} (Trog gifted it to you on level 11 of the Dungeon)
  9925 | D:11     | Noticed a red ugly thing
  9933 | D:11     | Killed a red ugly thing
  9959 | D:11     | Found a staircase to the Orcish Mines.
 10012 | D:11     | Reached skill level 1 in Staves
 10039 | D:12     | Noticed a skeletal warrior
 10039 | D:12     | Noticed a skeletal warrior
 10039 | D:12     | Noticed a skeletal warrior
 10039 | D:12     | Noticed a skeletal warrior
 10048 | D:12     | Killed a skeletal warrior
 10048 | D:12     | Reached skill level 10 in Fighting
 10056 | D:12     | Killed a skeletal warrior
 10064 | D:12     | Killed a skeletal warrior
 10076 | D:12     | Killed a skeletal warrior
 10076 | D:12     | Reached XP level 12. HP: 60/116 MP: 8/11
 10364 | D:12     | Reached skill level 5 in Staves
 11005 | D:13     | Received a gift from Trog
 11171 | D:13     | Reached skill level 11 in Fighting
 11719 | D:14     | Noticed a tengu warrior
 11738 | D:14     | Reached skill level 1 in Long Blades
 11738 | D:14     | Killed a tengu warrior
 11738 | D:14     | Reached skill level 5 in Dodging
 11942 | D:14     | Noticed a two-headed ogre
 11950 | D:14     | Killed a two-headed ogre
 11969 | D:14     | Received a gift from Trog
 12004 | D:14     | Found a white marble altar of Elyvilon.
 12099 | D:14     | Found a frozen archway.
 12133 | IceCv    | Entered an ice cave
 12135 | IceCv    | Reached XP level 13. HP: 74/127 MP: 12/12
 12916 | IceCv    | Noticed a frost giant
 12936 | IceCv    | Killed a frost giant
 13023 | IceCv    | Got a slimy halberd
 13024 | IceCv    | Identified the cursed +1 halberd of Deddueso {freeze, rN+} (You found it in an ice cave)
 13421 | D:14     | Reached skill level 12 in Fighting
 13431 | D:14     | Found a gate to the Vaults.
 13675 | D:15     | Entered Level 15 of the Dungeon
 13812 | D:15     | Received a gift from Trog
 13832 | D:15     | Paralysed by an orc sorcerer for 3 turns
 13868 | D:15     | Noticed an ettin
 13886 | D:15     | Killed an ettin
 13886 | D:15     | Reached skill level 1 in Polearms
 14035 | D:15     | Received a gift from Trog
 14113 | D:15     | Reached skill level 10 in Axes
 14238 | D:15     | Found a staircase to the Depths.
 14485 | D:15     | Found Lizept's Gadget Emporium.
 14876 | D:15     | Received a gift from Trog
 15099 | D:15     | Reached XP level 14. HP: 126/139 MP: 11/13
 15244 | Lair:1   | Entered Level 1 of the Lair of Beasts
 15731 | Lair:1   | Reached skill level 5 in Long Blades
 15991 | Lair:2   | Found a staircase to the Snake Pit.
 16733 | Lair:3   | Found a white marble altar of Elyvilon.
 16936 | Lair:3   | Found a staircase to the Shoals.
 17510 | Lair:4   | Received a gift from Trog
 17632 | Lair:4   | Reached skill level 1 in Shields
 17655 | Lair:4   | Noticed Rupert
 17671 | Lair:4   | Killed Rupert
 17857 | Lair:4   | Received a gift from Trog
 18456 | Lair:5   | Found a staircase to the Slime Pits.
 18657 | Lair:5   | Reached skill level 13 in Fighting
 18763 | Lair:5   | Received a gift from Trog
 19007 | Lair:6   | Entered Level 6 of the Lair of Beasts
 19195 | Lair:6   | Found a bloodstained altar of Trog.
 19919 | Lair:6   | Reached XP level 15. HP: 112/149 MP: 11/14
 20548 | Lair:6   | Reached skill level 5 in Shields
 20556 | Lair:6   | Received a gift from Trog
 20613 | Lair:6   | Found a large runed door.
 20614 | Lair:6   | Found a large runed door.
 21169 | Orc:1    | Entered Level 1 of the Orcish Mines
 21450 | Orc:2    | Entered Level 2 of the Orcish Mines
 21771 | Orc:2    | Noticed dvd's ghost (journeyman DDBe)
 21798 | Orc:2    | Killed dvd's ghost
 21810 | Orc:2    | Received a gift from Trog
 22008 | Orc:2    | Got an encrusted chain mail
 22019 | Orc:2    | Identified the +1 chain mail "Ywnul" {rElec rCorr Str+4 Dex+4} (You took it off an orc warrior on level 2 of the Orcish Mines)
 22049 | Orc:2    | Noticed an orc warlord
 22068 | Orc:2    | Killed an orc warlord
 22072 | Orc:2    | Received a gift from Trog
 22078 | Orc:2    | Found a roughly hewn altar of Beogh.
 22283 | Orc:2    | Found Legec's Weapon Shoppe.
 22422 | Orc:2    | Found Mael's General Store.
 22781 | Orc:2    | Found a staircase to the Elven Halls.
 22829 | Orc:2    | Reached skill level 14 in Fighting
 23110 | Orc:2    | Found a roughly hewn altar of Beogh.
 23172 | Orc:2    | Found Utoskaj's Food Emporium.
 23183 | Orc:2    | Found Obylaaf's Food Shoppe.
 24009 | Snake:1  | Entered Level 1 of the Snake Pit
 24010 | Snake:1  | Found a shadowy altar of Dithmenos.
 24251 | Snake:1  | Found Mademu's General Store.
 24252 | Snake:1  | Found Annoemup's Antique Armour Boutique.
 24252 | Snake:1  | Found Rodwyvy's Magic Scroll Shop.
 24257 | Snake:1  | Found Hugeb's Antique Armour Boutique.
 24260 | Snake:1  | Bought a pair of glowing gloves for 240 gold pieces
 24281 | Snake:1  | Bought an embroidered hat for 273 gold pieces
 24304 | Snake:1  | Bought a warped scale mail for 351 gold pieces
 24314 | Snake:1  | Identified the +2 scale mail "Wyibym" {Int+3} (You bought it in a shop on level 1 of the Snake Pit)
 24329 | Snake:1  | Bought a glowing shield for 240 gold pieces
 24358 | Snake:1  | Bought a scroll of enchant weapon for 112 gold pieces
 24449 | Snake:1  | Noticed a nagaraja
 24464 | Snake:1  | Killed a nagaraja
 24755 | Snake:1  | Found Durgh's Antique Weapon Shop.
 24758 | Snake:1  | Bought a shimmering falchion for 232 gold pieces
 24758 | Snake:1  | Identified the +11 falchion "Xeuzusun" {freeze, Int+3 Dex+3} (You bought it in a shop on level 1 of the Snake Pit)
 24824 | Snake:1  | Received a gift from Trog
 24827 | Snake:1  | Got a slimy eveningstar {god gift}
 24828 | Snake:1  | Identified the +8 eveningstar of the Poles {crush, +Blink Dex+6} (Trog gifted it to you on level 1 of the Snake Pit)
 25686 | Snake:2  | Reached XP level 16. HP: 91/161 MP: 9/15
 25724 | Snake:2  | Found a gateway to a bazaar.
 25739 | Bazaar   | Entered a bazaar
 25739 | Bazaar   | Found Wuilubbo's Antique Weapon Emporium.
 25746 | Bazaar   | Found Qoadufif's General Store.
 25757 | Bazaar   | Found Doqa's Magic Scroll Boutique.
 25768 | Bazaar   | Found Vupsoh's Gadget Emporium.
 25784 | Bazaar   | Found Pinewud's Antique Armour Shop.
 25792 | Bazaar   | Bought a transparent shield for 247 gold pieces
 25802 | Bazaar   | Identified the cursed -6 shield of Toramyci {rElec rC- Int+5 Slay-4} (You bought it in a shop in a bazaar)
 25859 | Bazaar   | Bought a dazzling triple sword for 210 gold pieces
 25864 | Bazaar   | Identified the +6 triple sword of Quick Death {drain, -Tele +Fly rF+ Int+4} (You bought it in a shop in a bazaar)
 27037 | Snake:3  | Received a gift from Trog
 27063 | Snake:3  | Reached skill level 10 in Throwing
 27459 | Snake:4  | Entered Level 4 of the Snake Pit
 27498 | Snake:4  | Found Haddis's Magic Scroll Shoppe.
 27500 | Snake:4  | Found Nylaq's Magic Scroll Emporium.
 27502 | Snake:4  | Found Weschin's Magic Scroll Shoppe.
 27510 | Snake:4  | Bought a scroll of enchant weapon for 112 gold pieces
 27515 | Snake:4  | Noticed Aizul
 27532 | Snake:4  | Killed Aizul
 27852 | Snake:4  | Noticed Kirke
 27861 | Snake:4  | Reached skill level 15 in Fighting
 27874 | Snake:4  | Killed Kirke
 28302 | Snake:4  | Reached skill level 10 in Shields
 28304 | Snake:4  | Received a gift from Trog
 28321 | Snake:4  | Reached skill level 15 in Maces & Flails
 28325 | Snake:4  | Received a gift from Trog
 28325 | Snake:4  | Reached XP level 17. HP: 171/171 MP: 16/16
 28693 | Snake:4  | Got a serpentine rune of Zot
 29278 | Shoals:1 | Entered Level 1 of the Shoals
 29545 | Shoals:1 | Received a gift from Trog
 29837 | Shoals:1 | Reached skill level 15 in Armour
 29946 | Shoals:1 | Got a faintly humming shield
 29957 | Shoals:1 | Identified the cursed -10 shield of the Onion {*Drain rC++ Str+4} (You found it on level 1 of the Shoals)
 30123 | Shoals:2 | Found Holegom's General Store.
 30125 | Shoals:2 | You fall through a shaft!
 30446 | Shoals:2 | Noticed Jorgrun
 30453 | Shoals:2 | Killed Jorgrun
 31342 | Shoals:4 | Entered Level 4 of the Shoals
 31342 | Shoals:4 | Noticed Nikola
 31365 | Shoals:4 | Killed Nikola
 31365 | Shoals:4 | Reached skill level 16 in Fighting
 31747 | Shoals:4 | Received a gift from Trog
 31837 | Shoals:4 | Noticed Ilsuiw
 32056 | Shoals:4 | Received a gift from Trog
 32122 | Shoals:4 | Killed Ilsuiw
 32122 | Shoals:4 | Reached XP level 18. HP: 183/183 MP: 17/17
 32317 | Shoals:4 | Got a barnacled rune of Zot
 32414 | Shoals:4 | Received a gift from Trog
 32446 | Shoals:4 | Identified the Collected Works on Creation and Execration
 33405 | Vaults:1 | Entered Level 1 of the Vaults
 33544 | Vaults:1 | Received a gift from Trog
 33557 | Vaults:1 | Reached skill level 15 in Axes
 33630 | Vaults:1 | Received a gift from Trog
 33805 | Vaults:1 | Reached skill level 17 in Fighting
 33872 | Vaults:1 | Received a gift from Trog
 34919 | Vaults:2 | Found Igusuaf's Assorted Antiques.
 34955 | Vaults:2 | Received a gift from Trog
 35019 | Vaults:2 | Reached XP level 19. HP: 194/194 MP: 18/18
 35332 | Vaults:2 | Found a staircase to the Crypt.
 35696 | Vaults:2 | Received a gift from Trog
 36309 | Vaults:3 | Received a gift from Trog
 36491 | Vaults:3 | Received a gift from Trog
 36557 | Vaults:3 | Found Naism's Armour Emporium.
 36639 | Vaults:3 | Paralysed by a wizard for 6 turns
 36758 | Vaults:3 | Reached skill level 18 in Fighting
 36986 | Vaults:3 | Received a gift from Trog
 37400 | Vaults:3 | Received a gift from Trog
 37452 | Vaults:3 | Noticed Jory
 37458 | Vaults:3 | Cast into level 4 of the Abyss (Jory)
 37459 | Abyss:4  | Found a corrupted altar of Lugonu.
 37725 | Abyss:4  | Gained mutation: You do not regenerate when monsters are visible. [a neqoxec]
 37726 | Abyss:4  | Found a corrupted altar of Lugonu.
 37730 | Abyss:4  | Gained mutation: You are clumsy. (Dex -2) [a neqoxec]
 37768 | Vaults:3 | Escaped the Abyss
 37780 | Vaults:3 | Killed Jory
 37780 | Vaults:3 | Reached skill level 15 in Shields
 37785 | Vaults:3 | Reached XP level 20. HP: 142/207 MP: 12/19
 37954 | Vaults:3 | Received a gift from Trog
 38310 | Vaults:4 | Received a gift from Trog
 38777 | Vaults:4 | Reached skill level 19 in Fighting
 39796 | Vaults:4 | Received a gift from Trog
 40171 | Elf:1    | Entered Level 1 of the Elven Halls
 40315 | Elf:1    | Received a gift from Trog
 40382 | Elf:1    | Found Hiokkuv's Gadget Emporium.
 40626 | Elf:1    | Noticed Roxanne
 40643 | Elf:1    | Killed Roxanne
 40644 | Elf:1    | Identified Roxanne's Compendium of Transmigration (You took it off Roxanne on level 1 of the Elven Halls)
 41007 | Elf:1    | Received a gift from Trog
 41014 | Elf:1    | Got a crude rapier {god gift}
 41015 | Elf:1    | Identified the +5 rapier "Pobbaeps" {pierce, *Drain Dex+5} (Trog gifted it to you on level 1 of the Elven Halls)
 41044 | Elf:1    | Got a crystal fustibalus
 41045 | Elf:1    | Identified the cursed +2 fustibalus of Quppatz {velocity, Str-2 Dex+5} (You found it on level 1 of the Elven Halls)
 41057 | Elf:1    | Identified a scroll of acquirement
 41093 | Elf:1    | Got a bloodstained hat
 41104 | Elf:1    | Identified the +0 hat of the Big Bang {rC- MR++} (You acquired it on level 1 of the Elven Halls)
 41286 | Elf:2    | Found a runed gate.
 41286 | Elf:2    | Found a runed gate.
 41286 | Elf:2    | Found a runed gate.
 41505 | Elf:2    | Found Zym Qatofocs's Weapon Shop.
 41588 | Elf:2    | Reached skill level 1 in Evocations
 41712 | Elf:2    | Reached XP level 21. HP: 200/220 MP: 20/20
 41719 | Elf:2    | Received a gift from Trog
 42104 | Elf:3    | Entered Level 3 of the Elven Halls
 42353 | Elf:3    | Killed from afar by a Brimstone Fiend

Skill      XL: |  1  2  3  4  5  6  7  8  9 10 11 12 13 14 15 16 17 18 19 20 21 |
---------------+----------------------------------------------------------------+-----
Fighting       | 4 5 6 7 8 10 11 12 13 14 15 16 17 18 19 | 19.9
Axes           | 4 5 6 10 12 13 14 15 16 17 | 17.1
Armour         | 3 4 5 7 8 9 10 11 12 13 14 15 16 | 16.5
Short Blades   | 1 3 4 5 6 |  6.2
Dodging        | 3 4 5 6 |  6.9
Throwing       | 1 2 3 4 5 6 7 9 10 11 12 13 14 | 14.0
Maces & Flails | 1 4 8 10 12 13 15 16 17 18 | 18.3
Stealth        | 1 2 3 |  3.2
Staves         | 3 7 8 |  8.8
Long Blades    | 4 7 8 |  8.5
Polearms       | 1 |  1.0
Shields        | 4 7 10 12 13 15 16 | 16.5
Evocations     | 1 |  1.2

Action                   |  1- 3 |  4- 6 |  7- 9 | 10-12 | 13-15 | 16-18 | 19-21 || total
-------------------------+-------+-------+-------+-------+-------+-------+-------++-------
Melee: Hand axe          |    11 |       |       |       |       |       |       ||    11
       Short sword       |    66 |   136 |   165 |       |       |       |       ||   367
       Headbutt          |     8 |    18 |    68 |   125 |   358 |   336 |   332 ||  1245
       Mace              |       |       |   203 |   302 |   137 |       |       ||   642
       War axe           |       |       |     2 |    63 |   647 |   219 |   242 ||  1173
       Quarterstaff      |       |       |       |   164 |    64 |       |       ||   228
       Great sword       |       |       |       |    20 |    72 |       |       ||    92
       Halberd           |       |       |       |       |     5 |       |       ||     5
       Long sword        |       |       |       |       |   125 |       |       ||   125
       Broad axe         |       |       |       |       |    24 |       |    66 ||    90
       Eveningstar       |       |       |       |       |    29 |   752 |   593 ||  1374
       Falchion          |       |       |       |       |    11 |    43 |       ||    54
Throw: Javelin           |       |    17 |     8 |     1 |   160 |   324 |   208 ||   718
       Tomahawk          |       |       |    18 |    63 |     4 |       |       ||    85
Invok: Berserk           |     1 |     1 |     3 |     4 |     3 |     2 |     3 ||    17
       Burn Spellbooks   |       |       |       |     3 |     7 |     3 |     3 ||    16
       Trog's Hand       |       |       |       |     1 |     4 |     6 |     3 ||    14
       Brothers in Arms  |       |       |       |       |     4 |     2 |     4 ||    10
 Abil: Evoke Blink       |       |       |       |       |       |       |     5 ||     5
Evoke: Wand              |       |       |       |       |       |       |     3 ||     3
  Use: Scroll            |       |     2 |    14 |     9 |    14 |     5 |     4 ||    48
       Potion            |       |       |    12 |       |     2 |       |     4 ||    18
 Stab: Sleeping          |     1 |       |       |       |       |       |       ||     1
       Distracted        |       |       |       |       |     1 |       |     1 ||     2
  Eat: Chunk             |     2 |     6 |    17 |    25 |    43 |    22 |    29 ||   144
       Royal jelly       |       |       |       |       |     3 |     7 |       ||    10
       Fruit             |       |       |       |       |       |     1 |       ||     1
Armor: Animal skin       |     5 |       |       |       |       |       |       ||     5
       Ring mail         |     9 |     4 |       |       |       |       |       ||    13
       Chain mail        |       |    49 |   201 |    25 |    83 |   121 |       ||   479
       Plate armour      |       |       |       |   318 |   554 |       |       ||   872
       Fire dragon scale |       |       |       |       |    21 |       |       ||    21
       Crystal plate arm |       |       |       |       |       |   250 |   286 ||   536
Dodge: Dodged            |    43 |    42 |   186 |   257 |   397 |   209 |   141 ||  1275
Block: Shield            |       |       |       |       |   518 |   857 |   627 ||  2002
       Rpst.: Great sword |       |       |       |     5 |    11 |       |       ||    16
       Long sword        |       |       |       |       |    12 |       |       ||    12
       Falchion          |       |       |       |       |       |     1 |       ||     1
